 Dungeon Crawl Stone Soup version 0.29-a0-1043-g569b05d6ff (console) character file.

Game seed: 6420795301838236112

42646 jejorda2 the Bludgeoner (level 13, 0/110 HPs)
             Began as a Palentonga Berserker on Aug 15, 2022.
             Was a High Priest of Trog.
             Slain by a death yak (15 damage)
             ... on level 4 of the Lair of Beasts.
             The game lasted 00:45:22 (16288 turns).

jejorda2 the Bludgeoner (Palentonga Berserker)     Turns: 16288, Time: 00:45:23

Health: 0/110      AC: 21    Str: 30    XL:     13   Next: 86%
Magic:  13/13      EV: 11    Int:  7    God:    Trog [*****.]
Gold:   798        SH: 11    Dex: 13    Spells: 12/12 levels left

rFire   + + .      SeeInvis +   a - +10 morningstar of Vanity {vamp, rPois}
rCold   . . .      Faith    +   C - +0 kite shield
rNeg    . . .      Spirit   .   x - +2 scale mail {rF+}
rPois   +          Reflect  .   t - +0 helmet
rElec   .          Harm     .   D - +2 cloak
rCorr   +          Rampage  .   (no gloves)
Will    ++...                   (no barding)
Stlth   ..........              d - amulet of faith
HPRegen 1.28/turn               h - +4 ring of evasion
MPRegen 0.13/turn               E - ring of Azikleol {Fly rF+ rCorr Str+2 Dex+3}

@: strong-willed, on berserk cooldown, flying, regenerating, slowed, curled up,
very slow
A: large, rugged brown scales 3, see invisible, deformed body, roll 1, armoured
tail, reflexive curl
a: Rolling Charge, Renounce Religion, Berserk, Trog's Hand, Brothers in Arms


You were on level 4 of the Lair of Beasts.
You worshipped Trog.
Trog was extremely pleased with you.
You visited 2 branches of the dungeon, and saw 15 of its levels.

You collected 798 gold pieces.

Inventory:

Hand Weapons
 a - the +10 morningstar of Vanity (weapon) {vamp, rPois}
   (You found it on level 11 of the Dungeon)

   It occasionally heals its wielder for a portion of the damage dealt when it
   wounds a living foe.
   rPois:     It protects you from poison.
 b - the +5 eveningstar of the End of Times {flame, rC+ Str+4}
   (You acquired it on level 9 of the Dungeon)

   It burns those it strikes, dealing additional fire damage.
   Str:       It affects your strength (+4).
   rC:        It protects you from cold.
 z - a +0 hand crossbow
Missiles
 k - 2 throwing nets
 s - 8 curare-tipped darts
 y - 22 poisoned darts
 I - 5 silver javelins
Armour
 e - a +0 buckler
 t - a +0 helmet (worn)
 x - a +2 scale mail of fire resistance (worn)
 C - a +0 kite shield (worn)
 D - a +2 cloak (worn)
Jewellery
 d - an amulet of faith (around neck)
 h - a +4 ring of evasion (left hand)
 u - a ring of protection from fire
 E - the ring of Azikleol (right hand) {Fly rF+ rCorr Str+2 Dex+3}
   (You found it on level 11 of the Dungeon)

   [ring of protection from fire]

   Str:       It affects your strength (+2).
   Dex:       It affects your dexterity (+3).
   rF:        It protects you from fire.
   Fly:       It grants you flight.
   rCorr:     It protects you from acid and corrosion.
 F - a ring of positive energy
Wands
 n - a wand of polymorph (10)
 q - a wand of paralysis (16)
 v - a wand of flame (24)
 J - a wand of light (6)
Scrolls
 c - 2 scrolls of enchant weapon
 m - 4 scrolls of teleportation
 A - 5 scrolls of fog
 B - 5 scrolls of blinking
 K - a scroll of enchant armour
 L - a scroll of identify
Potions
 f - 13 potions of curing
 g - 4 potions of heal wounds
 i - 5 potions of might
 j - 4 potions of lignification
 l - 4 potions of ambrosia
 p - 5 potions of flight
 r - 3 potions of mutation
 w - 2 potions of berserk rage
 G - 2 potions of attraction
 H - a potion of resistance
Miscellaneous
 o - a condenser vane


   Skills:
 + Level 10.2 Fighting
 - Level 16.0 Maces & Flails
 - Level 6.0 Armour
 - Level 1.5 Dodging
 - Level 10.0 Shields
 - Level 9.0 Evocations


You had 12 spell levels left.
You didn't know any spells.
Your spell library was empty.

Dungeon Overview and Level Annotations

Branches:
Dungeon (11/15)            Temple (0/1) D:7            Lair (4/5) D:11
  Swamp (0/4) Lair:2       Spider (0/4) Lair:2          Orc (0/2) D:11
  Slime: Lair:4-5

Altars:
Ashenzari
Cheibriados
Dithmenos
Elyvilon
Fedhas
Makhleb
Nemelex Xobeh
Ru
Sif Muna
Vehumet
Wu Jian
Xom
Yredelemnul

Shops:
D:5 !


Innate Abilities, Weirdness & Mutations

You are completely covered in rugged brown scales. (AC +3, +7% HP)
You have supernaturally acute eyesight. (SInv)
Armour fits poorly on your strangely shaped body.
You can roll at nearby foes to attack.
You have a long armoured tail.
You curl defensively after being hit. (AC +7*)


Message History

Your troll bites the cane toad.
Your troll barely misses the cane toad.
Your troll claws the cane toad!
The cane toad dies!
Trog accepts your kill.
Your Fighting skill increases to level 10!
Your skin crawls.
You feel strong-willed.
Your troll bites the death yak.
Your troll claws the death yak!
Your troll claws the death yak.
Your troll bites the death yak!!
Your troll barely misses the death yak.
Your troll claws the death yak!
The death yak gores your troll!!
Your troll dies!
Your troll's corpse disappears in a puff of smoke!
You block the death yak's attack. The death yak gores you.
* * * LOW HITPOINT WARNING * * *
You impale the death yak!! You tail-slap the death yak.
The death yak is heavily wounded.
You block the death yak's attack.
You bludgeon the death yak!!
You feel better.
The death yak is severely wounded.
The death yak barely misses you. You block the death yak's attack.
The death yak attacks as you move away!
The death yak gores you but does no damage.
Found 21 gold pieces, a spear and a scroll of noise.
You sock the death yak!
The death yak is almost dead.
The death yak gores you!!
You hit the death yak but do no damage. You tail-slap the death yak.
The death yak is almost dead.
The death yak gores you.
* * * LOW HITPOINT WARNING * * *
The death yak gores you!
* * * LOW HITPOINT WARNING * * *
You bludgeon the death yak!!
You kill the death yak!
Trog accepts your kill. The death yak gores you!
* * * LOW HITPOINT WARNING * * *
The death yak gores you!
You die...

##...#.##...### ...
+..............#.....
##....P##....†#.#....
##...##...††.†......
#....P#.....†.#.....
#P...........## ....
##...##...#F## . #..
###.### . #YY@#
................
..............$.
................
.)....#..#......
.......#.##.....
.....#...# .....
.....##..? .....


You could see 2 death yaks.

Vanquished Creatures
  2 boulder beetles
  2 hydras
  An ice dragon (D:11)
  A death knight (D:11)
  4 two-headed ogres
  9 death yaks (Lair:4)
  Sonja (Lair:1)
  Nergalle (Lair:1)
  A lindwurm (Lair:4)
  A deep elf pyromancer (D:11)
  2 ugly things
  4 oklob plants (Lair:2)
  5 elephants (Lair:3)
  3 cane toads
  2 torpor snails (Lair:2)
  3 gargoyles
  A kobold demonologist (D:7)
  A rime drake (Lair:2)
  A demonic crawler (Lair:2)
  9 komodo dragons
  3 trolls
  5 slime creatures (D:10)
  8 blink frogs
  A shadow (D:9)
  18 yaks
  A wraith (D:9)
  3 wyverns
  2 basilisks
  6 steam dragons
  3 vampire mosquitoes (D:10)
  7 water moccasins
  5 black bears
  4 ice beasts
  A sky beast (D:7)
  5 orc warriors
  17 wolves
  4 ogres
  5 centaurs
  A phantom (D:6)
  3 kobold brigands
  13 bullfrogs
  2 necrophages
  2 gnoll sergeants
  8 scorpions
  7 wights (D:9)
  2 electric eels
  2 howler monkeys
  6 hounds
  3 jellies
  7 orc priests
  2 gnoll boudas
  11 hell rats
  11 iguanas
  15 orc wizards
  Natasha (thrice) (D:2)
  Robin (D:3)
  20 gnolls
  5 adders
  An ufetubus (D:6)
  6 worms
  3 dart slugs
  41 orcs
  9 endoplasms
  2 giant cockroaches
  6 goblins
  7 hobgoblins
  5 jackals
  5 quokkas
  9 ball pythons
  7 bats
  A frilled lizard (D:2)
  12 kobolds
  6 rats
396 creatures vanquished.

Vanquished Creatures (collateral kills)
  A hydra (Lair:4)
  5 death yaks (Lair:4)
  A cane toad (Lair:4)
  3 wolves (Lair:4)
  A bullfrog (D:7)
  A killer bee (D:7)
12 creatures vanquished.

Vanquished Creatures (others)
  An adder (D:6)
  A bush (D:9)
  A butterfly (D:9)
  27 fungi
  93 plants
123 creatures vanquished.

Grand Total: 531 creatures vanquished

Notes
Turn   | Place    | Note
-------+----------+-------------------------------------------
     0 | D:1      | jejorda2 the Palentonga Berserker began the quest for the
                  | Orb.
     0 | D:1      | Reached XP level 1. HP: 19/19 MP: 1/1
   312 | D:1      | Reached XP level 2. HP: 22/25 MP: 2/2
  1116 | D:1      | Reached XP level 3. HP: 31/31 MP: 3/3
  1387 | D:2      | Reached ** piety under Trog
  1768 | D:2      | Reached skill level 1 in Shields
  1773 | D:2      | Reached XP level 4. HP: 37/37 MP: 4/4
  1838 | D:2      | Noticed Natasha
  1847 | D:2      | Killed Natasha
  1848 | D:2      | Reached skill level 4 in Maces & Flails
  1922 | D:2      | Noticed Natasha
  1926 | D:2      | Killed Natasha
  2145 | D:2      | Noticed Natasha
  2156 | D:2      | Killed Natasha
  2157 | D:2      | Reached XP level 5. HP: 31/44 MP: 5/5
  2413 | D:3      | Found an ornate altar of the Wu Jian Council.
  2498 | D:3      | Found a sacrificial altar of Ru.
  3209 | D:3      | Found a blossoming altar of Fedhas.
  3262 | D:3      | Noticed Robin
  3271 | D:3      | Reached *** piety under Trog
  3273 | D:3      | Killed Robin
  3368 | D:3      | Found a basalt altar of Yredelemnul.
  3410 | D:3      | Found a snail-covered altar of Cheibriados.
  3730 | D:4      | Identified the +4 robe of Qeitaah {rCorr MP+9 Dex+6}
  3895 | D:4      | Reached XP level 6. HP: 51/51 MP: 6/6
  4020 | D:4      | Found a shimmering altar of Xom.
  4369 | D:5      | Entered Level 5 of the Dungeon
  4422 | D:5      | Noticed a steam dragon
  4431 | D:5      | Killed a steam dragon
  4432 | D:5      | Reached skill level 5 in Maces & Flails
  4517 | D:5      | Gained mutation: You curl defensively after being hit. (AC
                  | +7*) [Palentonga growth]
  4517 | D:5      | Reached XP level 7. HP: 58/58 MP: 7/7
  4614 | D:5      | Found a sparkling altar of Nemelex Xobeh.
  4888 | D:5      | Found Wafeecwoeg's Distillery.
  5444 | D:6      | Reached skill level 6 in Maces & Flails
  5661 | D:6      | Reached XP level 8. HP: 59/65 MP: 8/8
  5754 | D:6      | Reached skill level 5 in Fighting
  5882 | D:6      | Reached **** piety under Trog
  5889 | D:6      | Reached skill level 5 in Shields
  6026 | D:6      | Reached skill level 7 in Maces & Flails
  6519 | D:6      | Found a radiant altar of Vehumet.
  6525 | D:6      | Reached XP level 9. HP: 53/73 MP: 9/9
  6838 | D:7      | Reached skill level 8 in Maces & Flails
  6915 | D:7      | Noticed a kobold demonologist
  6920 | D:7      | Noticed an ice devil
  6925 | D:7      | Killed a kobold demonologist
  6926 | D:7      | Reached skill level 5 in Armour
  7283 | D:7      | Reached skill level 9 in Maces & Flails
  7324 | D:7      | Found a staircase to the Ecumenical Temple.
  7435 | D:7      | Found a burning altar of Makhleb.
  7443 | D:7      | Found a shadowy altar of Dithmenos.
  7476 | D:7      | Found a shimmering blue altar of Sif Muna.
  7527 | D:7      | Found a broken altar of Ashenzari.
  7621 | D:8      | Reached XP level 10. HP: 81/81 MP: 10/10
  7689 | D:8      | Reached ***** piety under Trog
  8264 | D:9      | Noticed a two-headed ogre
  8981 | D:9      | Identified a scroll of acquirement
  8981 | D:9      | Acquired the +5 eveningstar of the End of Times {flame, rC+
                  | Str+4}
  9334 | D:9      | Reached skill level 10 in Maces & Flails
  9874 | D:9      | Reached skill level 11 in Maces & Flails
  9967 | D:9      | Killed a two-headed ogre
 10117 | D:9      | Found a white marble altar of Elyvilon.
 10500 | D:10     | Entered Level 10 of the Dungeon
 10555 | D:10     | Noticed a two-headed ogre
 10557 | D:10     | Killed a two-headed ogre
 10558 | D:10     | Reached skill level 12 in Maces & Flails
 10566 | D:10     | Noticed a gargoyle
 10581 | D:10     | Reached XP level 11. HP: 78/86 MP: 11/11
 10642 | D:10     | Noticed a cyan ugly thing
 10648 | D:10     | Killed a cyan ugly thing
 10947 | D:10     | Reached skill level 13 in Maces & Flails
 11201 | D:10     | Noticed a two-headed ogre
 11210 | D:10     | Killed a two-headed ogre
 11679 | D:11     | Found a staircase to the Orcish Mines.
 11746 | D:11     | Noticed a two-headed ogre
 11753 | D:11     | Killed a two-headed ogre
 11754 | D:11     | Reached skill level 14 in Maces & Flails
 11982 | D:11     | Received a gift from Trog
 11989 | D:11     | Found a staircase to the Lair.
 12182 | D:11     | Noticed an ice dragon
 12189 | D:11     | Killed an ice dragon
 12652 | D:11     | Found a large runed translucent door.
 12652 | D:11     | Found a large runed translucent door.
 12656 | D:11     | Noticed a deep elf pyromancer
 12657 | D:11     | Noticed a red ugly thing
 12678 | D:11     | Killed a red ugly thing
 12682 | D:11     | Killed a deep elf pyromancer
 12683 | D:11     | Found a large runed translucent door.
 12683 | D:11     | Found a large runed translucent door.
 12689 | D:11     | Identified the ring of Azikleol {Fly rF+ rCorr Str+2 Dex+3}
 12771 | D:11     | Noticed a boulder beetle
 12789 | D:11     | Killed a boulder beetle
 12790 | D:11     | Reached skill level 15 in Maces & Flails
 12790 | D:11     | Reached XP level 12. HP: 37/94 MP: 12/12
 13064 | D:11     | Identified the +10 morningstar of Vanity {vamp, rPois}
 13076 | D:11     | Noticed a death knight
 13084 | D:11     | Killed a death knight
 13315 | Lair:1   | Entered Level 1 of the Lair of Beasts
 13397 | Lair:1   | Noticed Sonja
 13407 | Lair:1   | Killed Sonja
 13625 | Lair:1   | Noticed Nergalle
 13629 | Lair:1   | Killed Nergalle
 13712 | Lair:1   | Reached skill level 16 in Maces & Flails
 13893 | Lair:1   | Reached skill level 10 in Shields
 13966 | Lair:1   | Reached skill level 1 in Evocations
 14435 | Lair:2   | Found a staircase to the Swamp.
 14608 | Lair:2   | Noticed a five-headed hydra
 14615 | Lair:2   | Killed a five-headed hydra
 14716 | Lair:2   | Reached skill level 5 in Evocations
 14758 | Lair:2   | Reached XP level 13. HP: 83/102 MP: 13/13
 14964 | Lair:2   | Found a hole to the Spider Nest.
 15261 | Lair:3   | Received a gift from Trog
 16281 | Lair:4   | Reached skill level 10 in Fighting
 16288 | Lair:4   | Slain by a death yak

Illustrated notes

Levels and vault maps discovered:
D:1:      beargit_arrival_diablo_church, layout_basic
D:2:      layout_basic, uniq_natasha
D:3:      layout_basic, nicolae_overflow_quartered_altars,
          nicolae_ru_the_path_less_chosen, minmay_pentomino_pile, uniq_robin
D:4:      layout_loops_ring, mainiacjoe_overflow_six_doors_small
D:5:      layout_loops_ring, nemelex_xobeh_ov_fountains_minmay,
          kennysheep_small_square
D:6:      layout_basic, lemuel_crystal_altar, minmay_fractal_squares_gapless_5
D:7:      layout_basic, lemuel_doored_altar, mainiacjoe_overflow_catwalk_spiral,
          nicolae_sif_muna_little_library, minmay_temple_entry_antechambers,
          minmay_alternating_orb
D:8:      layout_loops_ring, kennysheep_another_room
D:9:      layout_stronghold, nicolae_elyvilon_peaceful_grove, grunt_ministairs_6
D:10:     layout_long_grid
D:11:     dragon1_lemuel, layout_long_grid, due_lair_maze_entry_diamond,
          orc_0_dummy, minmay_hollow_rounded_squares
Lair:1:   beast_lair_carwin_large_1, layout_chaotic_city, uniq_sonja,
          uniq_joseph, uniq_nergalle
Lair:2:   minmay_lair_oklob_tunnel, layout_misc_corridors,
          minmay_swamp_entry_reptiles, nicolae_spider_entry_non_spiders
Lair:3:   layout_misc_corridors, grunt_megastairs_3,
          infiniplex_staircase_pool_2, serial_bayou_shore_b, lemuel_fruit_tree,
          serial_bayou_shore_a
Lair:4:   layout_regular_city, minmay_slime_entry_oklob_enclosed

Skill      XL: |  1  2  3  4  5  6  7  8  9 10 11 12 13 |
---------------+----------------------------------------+-----
Armour         | 2 3 4 5 6 |  6.0
Shields        | 1 2 3 4 5 7 9 10 | 10.0
Maces & Flails | 4 5 6 7 9 12 15 16 | 16.0
Fighting       | 4 5 6 7 10 | 10.2
Evocations     | 5 9 |  9.0
Dodging        | |  1.5

Action                   |  1- 3 |  4- 6 |  7- 9 | 10-12 | 13-15 || total
-------------------------+-------+-------+-------+-------+-------++-------
Melee: Mace              |    87 |   141 |   118 |       |       ||   346
       Tailslap          |     6 |    21 |    40 |    77 |    39 ||   183
       Flail             |       |       |   161 |   112 |       ||   273
       Eveningstar       |       |       |       |   201 |       ||   201
       Morningstar       |       |       |       |   205 |   167 ||   372
 Fire: Hand crossbow     |       |       |       |     3 |       ||     3
Throw: Dart              |       |       |     3 |       |       ||     3
Invok: Berserk           |     2 |     3 |     8 |    15 |     5 ||    33
       Trog's Hand       |       |     3 |     3 |     4 |     1 ||    11
       Brothers in Arms  |       |       |     1 |       |     2 ||     3
 Abil: Rolling Charge    |    28 |    38 |    33 |    73 |    12 ||   184
  Use: Scroll            |       |       |    13 |     9 |     1 ||    23
       Potion            |       |       |     2 |       |       ||     2
Armor: Ring mail         |    23 |    15 |       |       |       ||    38
       Scale mail        |       |    20 |   159 |   172 |    72 ||   423
Dodge: Dodged            |    27 |    70 |   187 |   195 |    58 ||   537
Block: Buckler           |    12 |    18 |    80 |    46 |       ||   156
       Kite shield       |       |       |       |   133 |    78 ||   211

Table legend: (Time is in decaauts)
 A = Elapsed time spent in this place.
 B = Non-inter-level travel time spent in this place.
 C = Inter-level travel time spent in this place.
 D = Time resting spent in this place.
 E = Time spent auto-exploring this place.
 F = Levels seen in this place.
 G = Mean time per level.
                   A        B        C        D        E       F      G
               +--------+--------+--------+--------+--------+-----+--------+
         Total |  16563 |  16093 |    470 |   2328 |  11270 |  15 | 1104.2 |
       Dungeon |  13577 |  13187 |    390 |   1721 |   9522 |  11 | 1234.3 |
          Lair |   2985 |   2906 |     79 |    607 |   1747 |   4 |  746.2 |
               +--------+--------+--------+--------+--------+-----+--------+

Top non-repeatable levels by time:
     D:9: 1817 daAuts
    D:11: 1701 daAuts
     D:1: 1455 daAuts
     D:3: 1325 daAuts
     D:5: 1200 daAuts
    D:10: 1166 daAuts
     D:8: 1165 daAuts
     D:6: 1161 daAuts
  Lair:2: 1107 daAuts
     D:2: 997 daAuts
  Lair:1: 959 daAuts
     D:7: 923 daAuts
  Lair:3: 721 daAuts
     D:4: 662 daAuts
  Lair:4: 198 daAuts
